Unix NetHack Version 5.0.0-0 post-release - last build May  4 2026 22:22:43 (774f63e81ad911689b3a0859ea89b322d5daca8d,branch:main).

Game began 2026-05-09 09:48:52, ended 2026-05-09 10:29:31.

GdeVolpiano, lawful male dwarven Caveman

   -----                          ---------------
   |....##                        |.............|
   |.(.| #    ------------        |.............|
   |...| #####|.....>....|       #|.............|
   --.--     #-.......:...########-----------|---
              |..........|       #######     #
              -----.------       #     ####  #
                                 #        ######0
                                 #         ###
                                 #         #
                                 #        ##
                                 #       -.--------
                                 #       |........-#####        #
                                 #       |..<.....|    #   -----.--
                                 #       |........|    ####|......|
                    --------+----#       ----------       #|......|
                    |./Fr.?....*-#                        #-......|
                    |*.s@s..*...|                          --------
                    -------------

GdeVolpiano the Aborigine  St:18/04 Dx:13 Co:15 In:12 Wi:10 Ch:7  Lawful
Dlvl:4  $:17 HP:0(52) Pw:10(10) AC:5  Xp:5 T:4154 

Latest messages:
 It just misses!
 It bites!
 You pull free from it.
 You miss it.
 It bites!
 It bites!
 It bites!
 You kill it!
 It bites!
 It bites!
 It touches you!
 What do you want to drink? [gFH or ?*]
 You feel better.
 You can see again.
 You can hear again.
 The rabid rat bites!
 The cave spider bites!
 The cave spider bites!
 You cannot escape from the lichen!
 The rabid rat bites!
 The cave spider misses!
 The cave spider bites!
 You cannot escape from the lichen!
 The rabid rat just misses!
 The cave spider bites!
 The cave spider misses!
 You cannot escape from the lichen!
 The rabid rat bites!
 The cave spider misses!
 The cave spider misses!
 You cannot escape from the lichen!
 The rabid rat bites!
 The cave spider bites!
 The cave spider bites!
 What do you want to drink? [gFH or ?*]
 You feel better.
 The rabid rat bites!
 The cave spider bites!
 The cave spider misses!
 You cannot escape from the lichen!
 The rabid rat bites!
 The cave spider bites!
 The cave spider bites!
 b - a +2 sling (weapon in right hand).
 a - a +1 club (alternate weapon; not wielded).
 The rabid rat bites!
 The rabid rat's bite was poisoned!
 You die...
 Do you want your possessions identified? [ynq] (y)
 Do you want to see your attributes? [ynq] (y)

Inventory:
 Coins    ('$')
  $ - 17 gold pieces
 Weapons  (')')
  b - a +2 sling (weapon in right hand)
  a - a +1 club (alternate weapon; not wielded)
 Armor    ('[')
  o - a blessed +2 helm of brilliance (being worn)
  C - an uncursed rusty +0 ring mail (being worn)
 Comestibles  ('%')
  D - 2 uncursed food rations
 Scrolls  ('?')
  J - 4 uncursed scrolls of blank paper
 Potions  ('!')
  H - an uncursed potion of hallucination
  F - an uncursed potion of see invisible
 Tools    ('(')
  k - an uncursed skeleton key
 Gems/Stones  ('*')
  I - an uncursed black opal
  c - 11 uncursed flint stones (in quiver pouch)
  B - an uncursed touchstone

GdeVolpiano the Caveman's attributes:

Background:
 You were an Aborigine, a level 5 dwarven Caveman.
 You were lawful, on a mission for Anu
 who was opposed by Ishtar (neutral) and Anshar (chaotic).
 You were right-handed.
 You were in the Dungeons of Doom, on level 4.
 You entered the dungeon 4154 turns ago.
 You had 255 experience points, 65 more were needed to attain level 6.

Basics:
 You had 0 out of 52 hit points.
 You had all 10 energy points (spell power).
 Your armor class was 5.
 Your wallet contained 17 zorkmids.
 Autopickup was on for '$?!/="+' plus thrown, with exceptions.

Final Characteristics:
 Your strength was 18/04 (limit:18/100).
 Your dexterity was 13 (limit:20).
 Your constitution was 15 (limit:20).
 Your intelligence was 12 (base:10, limit:16).
 Your wisdom was 10 (base:8, limit:16).
 Your charisma was 7 (limit:16).

Final Status:
 You were held by a lichen (northwest).
 You weren't hungry.
 You were unencumbered.
 You were wielding a sling.
 You had basic skill with sling.

Final Attributes:
 You were piously aligned.
 You had infravision.
 You were warded.
 You are dead.

Miscellaneous:
 You didn't encounter any bones levels.
 Total elapsed playing time was 40 minutes and 38 seconds.

Major events:
 Turn
    1: GdeVolpiano the lawful dwarven Caveman entered the dungeon
  898: entered the Gnomish Mines
 1219: attained the rank of Aborigine (level 3)
 3091: reached Mine Town
 4154: killed by a rabid rat

You didn't know any spells.

Skills:
 Fighting Skills
   bare handed combat [Basic]
 Weapon Skills
   dagger             [Unskilled]
   knife              [Unskilled]
   axe                [Unskilled]
   pick-axe           [Unskilled]
   club               [Basic]
   mace               [Unskilled]
   morning star       [Unskilled]
   flail              [Unskilled]
   hammer             [Unskilled]
   quarterstaff       [Unskilled]
   polearms           [Unskilled]
   spear              [Unskilled]
   trident            [Unskilled]
   bow                [Unskilled]
   sling              [Basic]
   boomerang          [Unskilled]
   unicorn horn       [Unskilled]
 Spellcasting Skills
   attack spells      [Unskilled]
   matter spells      [Unskilled]

Voluntary challenges:
 Character rerolling was not enabled.
 You never genocided any monsters.
 You never polymorphed an object.
 You never changed form.
 You used no wishes.
Achievements:
 You entered a shop.
 You entered the Gnomish Mines.
 You attained the rank of Aborigine.
 You entered Minetown.
 You entered a temple.

 The Dungeons of Doom: levels 1 to 5
    Level 1: "stash"
       An altar to Anu, a fountain.
    Level 2:
       A general store, some fountains.
    Level 3:
       Stairs down to The Gnomish Mines.
    Level 4: <- You were here.
       Final resting place for
          you, killed by a rabid rat.
    Level 5:
 The Gnomish Mines: levels 4 to 8
    Level 4:
    Level 5:
    Level 6:
       Many shops, a temple and an altar to Anu, some fountains.
    Level 7:
    Level 8:


Vanquished creatures:
 an imp
 an orc shaman
  a pony
  a gray ooze
  a paper golem
  2 little dogs
  a floating eye
  a homunculus
  2 hill orcs
  a monkey
  3 iguanas
  a coyote
  a hobbit
  3 manes
  2 large kobolds
  a hobgoblin
  a cave spider
  a yellow mold
  a gnome
  a gnome zombie
  4 geckos
  8 jackals
  4 goblins
  5 grid bugs
  2 bats
  2 lichens
  3 kobold zombies
 10 newts
65 creatures vanquished.

No species were genocided or became extinct.

Game over:
                       ----------
                      /          \
                     /    REST    \
                    /      IN      \
                   /     PEACE      \
                  /                  \
                  |   GdeVolpiano    |
                  |      17 Au       |
                  |   killed by a    |
                  |    rabid rat     |
                  |                  |
                  |                  |
                  |       2026       |
                 *|     *  *  *      | *
        _________)/\\_//(\/(/\)/\//\/|_)_______

Goodbye GdeVolpiano the Caveman...

You died in The Dungeons of Doom on dungeon level 4 with 1416 points,
and 17 pieces of gold, after 4154 moves.
You were level 5 with a maximum of 52 hit points when you died.

